Map: Cyber Forest LE

Players

Denver - Winner!

  • Race: Zerg Zerg
  • League: Master
  • Spawn Location: 11:00

Lambo

  • Race: Zerg Zerg
  • League: Grandmaster
  • Spawn Location: 5:00

Event: 2019 WCS Winter Europe

VOD

Have the link to the VOD?

Description

Time

  • Played on: Feb. 3, 2019, 11:20 a.m.
  • Length: 7:34

All games in this series

Show
View Real Time Build Order
Export as new Build Order

Denver Zerg - Winner!

Build Orders: Pool First 

Get SALT Encoding   

  12  0:00  Drone  
  13  0:07  Drone  
  14  0:24  Spawning Pool  
  13  0:28  Drone  
  13  0:34  Extractor  
  13  0:35  Drone  
  15  0:41  Overlord  
  15  1:04  Hatchery  
  14  1:12  Zergling x4  
  14  1:14  Zergling x2  
  17  1:25  Queen  
  19  1:30  Drone  
  20  1:35  Drone  
  21  1:44  Extractor  
  21  1:45  Overlord  
  20  1:55  Drone  
  21  2:02  Queen  
  21  2:05  Drone  
  24  2:18  Queen, Drone x2  
  26  2:30  Drone x2  
  26  2:32  Drone  
  26  2:35  Drone  
  29  2:37  Drone  
  29  2:42  Drone  
  31  2:47  Evolution Chamber  
  31  2:51  Metabolic Boost  
  30  2:54  Drone  
  31  2:59  Overlord  
  31  3:04  Drone x2  
  33  3:12  Roach Warren  
  32  3:15  Drone x2  
  34  3:20  Evolution Chamber  
  34  3:23  Drone x2  
  34  3:26  Drone  
  36  3:29  Zergling x2  
  36  3:30  Zergling x2  
  36  3:32  Zergling x2  
  39  3:38  Overlord  
  39  3:42  Drone x2  
  39  3:45  Drone  
  39  3:47  Overlord  
  42  4:00  Hatchery  
  41  4:04  Drone x2  
  41  4:07  Zerg Missile Weapons Level 1  
  43  4:16  Drone x5  
  48  4:19  Extractor  
  48  4:21  Overlord  
  47  4:27  Extractor  
  47  4:28  Overlord  
  46  4:35  Drone x3  
  46  4:36  Drone  
  50  4:39  Lair  
  50  4:43  Overlord  
  49  4:47  Roach  
  49  4:50  Roach  
  52  4:53  Overlord  
  52  4:56  Drone x3  
  55  5:00  Roach  
  55  5:01  Roach  
  55  5:05  Drone x2  
  61  5:07  Overlord  
  61  5:09  Roach  
  61  5:13  Roach  
  65  5:14  Roach  
  65  5:17  Roach  
  69  5:23  Roach x2  
  69  5:28  Roach  
  75  5:34  Roach x2  
  79  5:37  Glial Reconstitution  
  79  5:39  Extractor  
  79  5:41  Drone x3  
  81  5:44  Overseer  
  81  5:45  Overlord, Drone  
  81  5:47  Roach  
  84  5:51  Roach  
  84  5:52  Roach  
  88  5:59  Roach  
  88  6:00  Roach, Overlord  
  88  6:03  Overlord  
  91  6:07  Roach x2  
  91  6:09  Overlord  
  95  6:11  Roach  
  95  6:15  Roach  
  95  6:16  Roach  
  103  6:18  Roach  
  103  6:22  Roach  
  103  6:23  Roach  
  103  6:24  Overseer  
  103  6:25  Roach  
  109  6:29  Roach x2  
  113  6:34  Roach x2  
  113  6:36  Overlord  
  113  6:38  Overlord  
  117  6:45  Roach x2  
  113  6:48  Roach x2  
  113  6:51  Roach  
  99  6:56  Roach x2  
  99  6:57  Roach  
  101  7:04  Roach x3  
  101  7:09  Ravager  
  101  7:10  Ravager  
  101  7:15  Roach x2  
Show
View Real Time Build Order
Export as new Build Order

Lambo Zerg 

Build Orders: Hatch First 

Get SALT Encoding   

  12  0:00  Drone  
  13  0:12  Overlord  
  13  0:17  Drone  
  14  0:31  Drone x2  
  16  0:47  Hatchery  
  15  0:51  Drone  
  15  0:54  Drone  
  17  1:08  Spawning Pool  
  17  1:10  Extractor  
  15  1:13  Drone  
  15  1:17  Drone  
  17  1:20  Drone  
  18  1:29  Drone  
  20  1:40  Drone  
  20  1:50  Overlord  
  20  1:54  Queen  
  20  1:59  Queen  
  24  2:05  Zergling x4  
  26  2:12  Zergling x4  
  28  2:25  Drone  
  28  2:28  Drone  
  26  2:40  Drone  
  26  2:43  Drone x2  
  29  2:51  Evolution Chamber, Drone  
  29  2:54  Drone x2  
  31  3:03  Overlord  
  33  3:06  Drone  
  33  3:12  Drone  
  33  3:13  Roach Warren, Drone  
  33  3:14  Drone  
  33  3:18  Drone  
  35  3:22  Drone x2  
  35  3:26  Zerg Missile Weapons Level 1  
  37  3:28  Drone  
  37  3:31  Drone  
  39  3:37  Overlord  
  39  3:38  Drone  
  39  3:40  Drone  
  40  3:49  Lair  
  40  3:52  Drone  
  40  3:53  Drone x2  
  40  3:55  Extractor, Drone  
  42  3:57  Extractor, Drone x2  
  44  4:03  Drone  
  44  4:14  Roach x4  
  44  4:15  Evolution Chamber  
  51  4:21  Overlord  
  51  4:28  Hatchery  
  50  4:31  Roach  
  50  4:37  Overlord  
  52  4:51  Roach x4  
  60  4:54  Hatchery  
  60  4:59  Overlord  
  59  5:00  Glial Reconstitution  
  59  5:02  Overlord  
  59  5:05  Overlord  
  59  5:22  Roach x6  
  59  5:25  Roach  
  73  5:32  Roach x2  
  73  5:33  Roach  
  79  5:36  Roach x2  
  79  5:42  Overlord  
  83  5:53  Overlord  
  83  6:02  Roach x4  
  91  6:07  Roach x3  
  97  6:11  Roach  
  97  6:12  Overlord  
  97  6:13  Roach  
  97  6:14  Ravager x2  
  105  6:18  Roach  
  105  6:24  Overlord  
  105  6:30  Roach x3  
  105  6:31  Roach  
  113  6:36  Overlord  
  113  6:41  Overlord  
  113  6:47  Roach x3  
  113  6:49  Roach  
  101  6:54  Roach x2  
  101  6:58  Roach  
  91  7:01  Roach  
  91  7:04  Roach  
  92  7:11  Ravager  
  92  7:13  Drone  
  92  7:15  Drone x5  
  99  7:19  Drone  
Tags
 
Add a new tag
Caveats
  • Supply blocks, unpowered buildings, or Contaminate may cause inaccurate times.
  • Supply counts are checked every 10 seconds.